 Dungeon Crawl Stone Soup version 0.18-a0-1-gfac8111 (webtiles) character file.

93 kae the Insei (level 4, 0/28 HPs)
             Began as an Octopode Transmuter on Oct 30, 2015.
             Shot with a sling bullet by a goblin (7 damage)
             ... on level 3 of the Dungeon.
             The game lasted 00:02:04 (2877 turns).

kae the Insei (Octopode Transmuter)                 Turns: 2877, Time: 00:02:05

Health: 0/28       AC:  1    Str:  9    XL:     4   Next: 61%
Magic:  7/7        EV: 12    Int: 15    God:
Gold:   133        SH:  0    Dex: 13    Spells: 1 memorised, 6 levels left

rFire  x . .     SeeInvis .       - Unarmed
rCold  + . .     Clarity  .     (no shield)
rNeg   . . .     SustAt   .     (helmet restricted)
rPois  .         Gourm    .     (no amulet)
rElec  .         Spirit   .     l - ring of ice
rCorr  .         Warding  .     (no ring)
rMut   .         Stasis   .     (no ring)
MR     .....                    (no ring)
Stlth  ++........               (no ring)
                                (no ring)
                                (no ring)
                                (no ring)

@: appendage (expiring), not resistant to hostile enchantments, unstealthy
A: almost no armour, amphibious, 8 rings, constrict 8, tentacle spike 3,
camouflage 1, gelatinous body 1
a: End Transformation


You were on level 3 of the Dungeon.
You were not hungry.
One of your tentacles had a temporary spike.
You visited 1 branch of the dungeon, and saw 3 of its levels.

You collected 133 gold pieces.

Inventory:

Missiles
 a - 12 arrows
Jewellery
 l - a ring of ice (left tentacle)
 q - an uncursed ring of positive energy {unknown}
Wands
 o - a wand of fireball (7)
Scrolls
 d - 2 scrolls of identify {unknown}
 e - a scroll of enchant weapon {unknown}
 f - a scroll of teleportation {unknown}
 j - 3 scrolls of enchant armour {unknown}
 k - a scroll of fog {unknown}
 m - a scroll of remove curse {unknown}
Potions
 g - a potion of haste {unknown}
 i - a potion of curing {unknown}
 n - a potion of degeneration {unknown}
Books
 b - a book of Changes

   Spells                             Type                      Level
   a - Beastly Appendage              Transmutation                1
   b - Sticks to Snakes               Transmutation                2
   c - Spider Form                    Transmutation/Poison         3
   d - Ice Form                       Ice/Transmutation            4
   e - Blade Hands                    Transmutation                5
Comestibles
 c - a bread ration
 h - a meat ration
 p - a chunk of flesh


   Skills:
 - Level 1.0 Fighting
 - Level 2.0 Dodging
 + Level 5.2 Unarmed Combat
 - Level 2.0 Spellcasting
 - Level 2.0 Transmutations


You had 6 spell levels left.
You knew the following spells:

 Your Spells              Type           Power        Failure   Level  Hunger
a - Beastly Appendage     Trmt           #.....       12%         1    #......


Dungeon Overview and Level Annotations

Branches:
Dungeon (3/15)

Altars:
Ru


Innate Abilities, Weirdness & Mutations

You cannot wear most types of armour.
You are amphibious.
You can wear up to eight rings at the same time.
You can use your tentacles to constrict eight enemies at once.
Your skin changes colour to match your surroundings (Stealth).
Your rubbery body absorbs attacks (AC +1).
One of your tentacles bears a large vicious spike.


Message History

You pierce the giant gecko, but do no damage.
The bat hits you. The giant gecko bites you.
The giant gecko closely misses you.
You tentacle-slap the giant gecko. You grab the giant gecko.
The giant gecko is heavily wounded.
You constrict the giant gecko. The bat barely misses you.
The goblin shoots a sling bullet.
The sling bullet hits you.
* * * LOW HITPOINT WARNING * * *
The giant gecko closely misses you.
You are too injured to fight recklessly!
You are too injured to fight recklessly!
You are too injured to fight recklessly!
You are too injured to fight recklessly!
You are too injured to fight recklessly!
You are too injured to fight recklessly!
You completely miss the giant gecko.
You pierce the giant gecko.
You kill the giant gecko!
The bat hits you but does no damage.
The goblin shoots a sling bullet.
The sling bullet hits you!
You die...

.......# ..#
#......# ##
.#...#......#
.##...#........#
##...... .#......#
......# ........#
......# #....†)##
....####### #g.@.#
#.####....######(.##
.......)..#...#.b..#
.#####)............#
P ###............?#
.. #......#...##..##
.P #.####.######..#
≈.... #.# #### ≈♣..
#.#


You could see a goblin and a bat.

Vanquished Creatures
  A gnoll (D:3)
  2 adders
  2 worms
  4 giant geckos
  2 orcs (D:3)
  7 goblins
  4 hobgoblins
  7 jackals
  6 kobolds
  4 ball pythons
  6 bats
  4 giant cockroaches
  2 giant newts (D:1)
  8 rats
59 creatures vanquished.

Notes
Turn   | Place    | Note
--------------------------------------------------------------
     0 | D:1      | kae the Octopode Transmuter began the quest for the Orb.
     0 | D:1      | Reached XP level 1. HP: 13/13 MP: 3/3
   171 | D:1      | Reached XP level 2. HP: 15/18 MP: 5/5
   840 | D:2      | Reached skill level 4 in Unarmed Combat
  1086 | D:2      | Reached XP level 3. HP: 15/23 MP: 6/6
  1531 | D:2      | Found a sacrificial altar of Ru.
  2404 | D:3      | Reached XP level 4. HP: 23/28 MP: 7/7
  2592 | D:3      | Reached skill level 5 in Unarmed Combat
  2877 | D:3      | Shot with a sling bullet by a goblin

Vault maps used:
D:1:      minmay_arrival_four_loops
D:2:      old_standard_altar, serial_bayou_lagoon_a
D:3:      lightli_temple_of_fire, serial_bayou_pond_a, grunt_decor_cap,
          nicolae_dithmenos_through_a_glass_darkly

Action                   |  1- 3 |  4- 6 || total
-------------------------+-------+-------++-------
Melee: Unarmed           |    97 |    41 ||   138
 Cast: Beastly Appendage |     4 |     4 ||     8
 Stab: Sleeping          |     6 |       ||     6
  Eat: Chunk             |     4 |     2 ||     6
